 Dungeon Crawl Stone Soup version bcrawl-1.12-11-gb93c957c58 (webtiles) character file.

Game seed: 7975072078199856940

76 Chiseanne the Cutter (level 4, -2/34 HPs)
             Began as a Mummy Archaeologist on July 9, 2019.
             Slain by Terence
             ... wielding a +0 flail
              (6 damage)
             ... on level 2 of the Dungeon on July 10, 2019.
             The game lasted 00:05:34 (1766 turns).

Chiseanne the Cutter (Mummy Archaeologist)          Turns: 1766, Time: 00:05:34

Health: -2/34      AC: 10    Str: 14    XL:     4   Next: 12%
Magic:  4/4        EV: 12    Int: 13    God:
Gold:   100        SH:  0    Dex: 11    Spells: 3/3 levels left

rFire    x . .     SeeInvis .   a - +1 short sword
rCold    + . .     Gourm    .   (no shield)
rNeg     + + +     Faith    .   k - +1 robe
rPois    ∞         Spirit   .   b - +1 hat
rElec    .         Reflect  .   (no cloak)
rCorr    .         Harm     .   d - +2 pair of gloves
MR       .....     Clarity  +   m - +2 pair of boots
Stlth    ++........             (no amulet)
HPRegen  0.11/turn              (no ring)
MPRegen  0.09/turn              (no ring)

@: studying Short Blades
A: no food or potions, fire vulnerability, clarity, cold resistance 1, negative
energy resistance 3, torment resistance, unbreathing
a: no special abilities


You were on level 2 of the Dungeon.
You were not hungry.

You visited 1 branch of the dungeon, and saw 2 of its levels.

You collected 100 gold pieces.

Inventory:

Hand Weapons
 a - a +1 short sword (weapon)
Missiles
 g - 203 poisoned needles
 h - 614 stones (quivered)
 o - 124 arrows
Armour
 b - a +1 hat (worn)
 d - a +2 pair of gloves (worn)
 k - a +1 robe (worn)
 m - a +2 pair of boots (worn)
Scrolls
 i - 2 scrolls of identify
 j - 2 scrolls of remove curse
Books
 e - a manual of Short Blades
Miscellaneous
 f - an ancient crate


   Skills:
 - Level 2.8 Fighting
 * Level 2.9 Short Blades
 - Level 2.6 Dodging
 - Level 2.6 Stealth


You had 3 spell levels left.
You didn't know any spells.
Your spell library was empty.

Dungeon Overview and Level Annotations

Branches:
Dungeon (2/12)

Altars:
Lugonu

Annotations:
D:2 Terence


Innate Abilities, Weirdness & Mutations

You do not eat or drink.
Your flesh is vulnerable to fire.
You are immune to poison.
You possess an exceptional clarity of mind.
Your flesh is cold resistant. (rC+)
You are immune to negative energy. (rN+++)
You are immune to unholy pain and torment.
You can survive without breathing.


Message History

Terence is heavily wounded.
Terence closely misses you.
You barely miss Terence.
Terence is heavily wounded.
Terence hits you but does no damage.
You hit Terence.
Terence is severely wounded.
Terence hits you with a +0 flail.
* * * LOW HITPOINT WARNING * * *
Evoke which item? (* to show all) (? for menu, Esc to quit)
Okay, then.
You hit Terence but do no damage.
Terence is severely wounded.
You hit Terence but do no damage.
Terence is severely wounded.
Terence hits you but does no damage.
You closely miss Terence.
Terence is severely wounded.
Terence hits you with a +0 flail.
You die...

.# #.# ## #.####.# ...
#......# ... #<###### ...
#.# ..# #.# #.###### ###.#
####......#########...##.#
..........#...g@@...# ..#
.###.###..#.#######...##.#
.#.....#..#.# ###.#
.#.....#..#g#
...._.......#
.#.....#.#..#
.#.....#.##....
.###.###.##...#.#
.........#..#...


You could see Terence and a hobgoblin.

Vanquished Creatures
  Jessica (D:2)
  An ooze (D:1)
  A leopard gecko (D:2)
  4 bats
  A giant cockroach (D:1)
  4 goblins
  5 hobgoblins
  7 jackals
  2 quokkas (D:2)
  2 frilled lizards (D:2)
  9 kobolds
  2 rats
39 creatures vanquished.

Notes
Turn   | Place    | Note
-------+----------+-------------------------------------------
     0 | D:1      | Chiseanne the Mummy Archaeologist began the quest for the
                  | Orb.
     0 | D:1      | Reached XP level 1. HP: 15/15 MP: 1/1
   220 | D:1      | Noticed a swamp worm
   220 | D:1      | Noticed a killer bee
   220 | D:1      | Noticed a water moccasin
   220 | D:1      | Noticed a black bear
   220 | D:1      | Noticed a hog
   349 | D:1      | Reached XP level 2. HP: 22/22 MP: 2/2
  1352 | D:2      | Reached XP level 3. HP: 28/28 MP: 3/3
  1392 | D:2      | Noticed Jessica
  1409 | D:2      | Killed Jessica
  1527 | D:2      | Found a corrupted altar of Lugonu.
  1529 | D:2      | Reached XP level 4. HP: 34/34 MP: 4/4
  1549 | D:2      | Noticed Terence
  1766 | D:2      | Slain by Terence

Skill      XL: |  1  2  3 |
---------------+----------+-----
Fighting       | 2 |  2.8
Short Blades   | 2 |  2.9
Dodging        | |  2.6
Stealth        | |  2.6

Action                   |  1- 3 |  4- 6 || total
-------------------------+-------+-------++-------
Melee: Unarmed           |    39 |       ||    39
       Club              |     9 |       ||     9
       Short sword       |   145 |    45 ||   190
Throw: Stone             |     4 |       ||     4
  Use: Scroll            |     5 |     3 ||     8
 Stab: Sleeping          |     5 |     1 ||     6
Armor: Robe              |    92 |    18 ||   110
Dodge: Dodged            |   135 |    23 ||   158
